Map: Emerald City LE

Players

Chelie

  • Race: Zerg Zerg
  • Spawn Location: 11:00

Zeratul

  • Race: Zerg Zerg
  • League: Platinum
  • Spawn Location: 11:00

Massa - Winner!

  • Race: Terran Terran
  • League: Gold
  • Spawn Location: 5:00

qqq - Winner!

  • Race: Protoss Protoss
  • League: Platinum
  • Spawn Location: 5:00

VOD

Have the link to the VOD?

Description

Time

  • Played on: June 7, 2020, 5:56 a.m.
  • Length: 5:53
Show
View Real Time Build Order
Export as new Build Order

Chelie Zerg 

Build Orders: Pool Only 

Get SALT Encoding   

  12  0:02  Drone  
  13  0:08  Drone  
  14  0:17  Overlord  
  14  0:26  Overlord  
  14  0:36  Drone  
  14  0:42  Drone  
  16  0:55  Spawning Pool  
  15  0:58  Drone  
  15  0:59  Evolution Chamber  
  15  1:02  Drone  
  16  1:06  Extractor  
  16  1:10  Extractor, Drone  
  15  1:20  Drone  
  16  1:45  Queen  
  19  1:47  Drone x2, Roach Warren  
  19  1:54  Drone  
  20  2:25  Drone x3  
  23  2:41  Roach  
  25  2:54  Roach  
  25  2:55  Roach  
  29  3:00  Overlord x2  
  29  3:10  Zerg Missile Weapons Level 1  
  29  3:21  Ravager  
  30  3:35  Ravager  
  31  3:49  Ravager  
  31  3:54  Roach  
  34  3:59  Roach  
  36  4:03  Roach  
  36  4:08  Roach  
  31  5:24  Roach x3  
Show
View Real Time Build Order
Export as new Build Order

Zeratul Zerg 

Build Orders: Hatch First, Ravager All-In 

Get SALT Encoding   

  12  0:02  Drone  
  13  0:15  Drone  
  13  0:17  Overlord  
  14  0:36  Drone x2  
  14  0:38  Drone  
  17  0:52  Drone  
  18  0:59  Hatchery  
  17  1:11  Spawning Pool  
  17  1:13  Extractor  
  17  1:14  Drone  
  17  1:17  Drone  
  17  1:25  Drone  
  18  1:34  Drone  
  19  1:41  Drone  
  20  1:52  Overlord  
  19  2:25  Roach Warren, Lair  
  19  2:28  Extractor  
  17  2:41  Hatchery, Overlord x2  
  17  2:42  Overlord  
  16  3:04  Drone  
  17  3:10  Roach  
  19  3:15  Roach  
  21  3:26  Queen, Roach  
  25  3:33  Ravager  
  26  3:37  Ravager  
  26  3:39  Roach  
  29  3:47  Ravager  
  30  3:50  Roach  
  30  3:54  Queen  
  34  3:57  Roach  
  34  4:00  Ravager  
  37  4:18  Ravager  
  32  4:44  Ravager  
  33  4:46  Roach x4  
Show
View Real Time Build Order
Export as new Build Order

Massa Terran - Winner!

Build Orders: 2 Factory 

Get SALT Encoding   

  12  0:11  Supply Depot  
  12  0:13  SCV  
  13  0:25  SCV  
  14  0:34  Barracks  
  14  0:37  SCV  
  15  0:48  Refinery  
  15  0:49  SCV  
  16  0:57  Refinery  
  16  1:02  SCV  
  17  1:14  SCV  
  18  1:28  Marine  
  18  1:32  SCV  
  20  1:42  Factory  
  20  1:44  SCV  
  20  1:46  Marine  
  22  1:55  Supply Depot  
  22  1:56  SCV  
  23  2:09  Orbital Command  
  23  2:17  Marine  
  24  2:30  Factory Tech Lab  
  24  2:36  Factory  
  24  2:38  Supply Depot  
  24  2:45  Barracks  
  24  2:48  Marine  
  28  3:23  Factory Tech Lab  
  28  3:27  Command Center  
  28  3:33  Marine x2  
  30  3:45  Siege Tank  
  33  4:20  Starport  
  33  4:22  SCV  
  34  4:34  SCV  
  34  4:37  Siege Tank  
  35  4:44  Cyclone  
  38  4:46  SCV  
  39  4:58  SCV  
  40  5:11  SCV  
  40  5:31  Marine  
Show
View Real Time Build Order
Export as new Build Order

qqq Protoss - Winner!

Build Orders:  

Get SALT Encoding   

  12  0:02  Probe  
  13  0:21  Pylon  
  13  0:32  Probe  
  14  0:39  Forge  
  14  0:44  Probe  
  15  1:07  Pylon  
  15  1:10  Probe  
  16  1:13  Gateway  
  16  1:26  Photon Cannon  
  16  1:31  Photon Cannon  
  16  1:37  Pylon  
  16  2:00  Photon Cannon  
  16  2:08  Zealot  
  18  2:14  Assimilator  
  18  2:35  Zealot  
  20  2:54  Gateway  
  20  2:57  Cybernetics Core  
  20  3:02  Probe, Zealot  
  23  3:14  Probe  
  24  3:29  Zealot  
  26  3:47  Assimilator  
  26  3:52  Probe  
  27  4:02  Stalker  
  31  4:04  Probe  
  32  4:16  Probe, Shield Battery  
  31  4:25  Stargate  
  31  4:29  Probe  
  32  4:42  Shield Battery  
  34  5:02  Stalker  
  34  5:07  Pylon  
  32  5:37  Probe  
  33  5:48  Nexus  
Tags
 
Add a new tag
Caveats
  • Supply blocks, unpowered buildings, or Contaminate may cause inaccurate times.
  • Supply counts are checked every 10 seconds.